 Dungeon Crawl Stone Soup version 0.26-a0-651-gb41185065b (webtiles) character file.

Game seed: 4567054577197497950

165 Irenicus the Chopper (level 5, -3/46 HPs)
             Began as a Deep Dwarf Berserker on Oct 1, 2020.
             Was a Believer of Trog.
             Killed by divine providence
             ... invoked by an orc priest
              (13 damage)
             ... on level 3 of the Dungeon.
             The game lasted 00:05:08 (868 turns).

Irenicus the Chopper (Deep Dwarf Berserker)          Turns: 868, Time: 00:05:08

Health: -3/46      AC:  5    Str: 21    XL:     5   Next: 21%
Magic:  5/5        EV: 11    Int:  7    God:    Trog [**....]
Gold:   89         SH:  0    Dex: 13    Spells: 4/4 levels left

rFire    . . .     SeeInvis .   a - +0 hand axe
rCold    . . .     Faith    .   (no shield)
rNeg     . . .     Spirit   .   f - +0 ring mail
rPois    .         Reflect  .   (no helmet)
rElec    .         Harm     .   (no cloak)
rCorr    .         Rampage  .   (no gloves)
MR       ++...                  (no boots)
Stlth    +.........             (no amulet)
HPRegen  1.00/turn              (no ring)
MPRegen  0.09/turn              (no ring)

@: berserk cooldown, non-regenerating
A: damage resistance, heal wounds, sense surroundings 1, no regeneration
a: Heal Wounds, Berserk, Trog's Hand, Renounce Religion


You were on level 3 of the Dungeon.
You worshipped Trog.
Trog was pleased with you.
You visited 1 branch of the dungeon, and saw 3 of its levels.

You collected 89 gold pieces.

Inventory:

Hand Weapons
 a - a +0 hand axe (weapon)
Armour
 f - a +0 ring mail (worn)
   (You found it on level 1 of the Dungeon)
 k - a cursed +0 ring mail
   (You found it on level 3 of the Dungeon)
Jewellery
 e - an uncursed ring of fire {rF+, rC-}
   (You found it on level 1 of the Dungeon)
Wands
 h - a wand of paralysis (10)
   (You found it on level 2 of the Dungeon)
Scrolls
 b - 2 scrolls of identify {unknown}
 c - 4 scrolls of amnesia {unknown}
 i - a scroll of enchant armour {unknown}
 j - a scroll of remove curse {unknown}
 m - a scroll of teleportation {unknown}
 n - a scroll of blinking {unknown}
Potions
 d - a potion of brilliance {unknown}
 g - a potion of magic {unknown}
 l - a potion of mutation {unknown}


   Skills:
 - Level 2.6 Fighting
 + Level 6.6 Axes
 - Level 2.1 Armour
 - Level 2.1 Dodging


You had 4 spell levels left.
You didn't know any spells.
Your spell library was empty.

Dungeon Overview and Level Annotations

Branches:
Dungeon (3/15)

Altars:
Dithmenos


Innate Abilities, Weirdness & Mutations

You are resistant to damage.
You can heal yourself by infusing magical energy.
You passively map a small area around you.
You do not regenerate.


Message History

You feel a strong urge to attack something.
You feel your anger nearly subside.
You are no longer berserk.
You are exhausted.
You feel yourself slow down.
You now have 15/40 hp.
Your skin crawls.
You feel resistant to hostile enchantments.
You feel the effects of Trog's Hand fading.
You regained 2 hp, and now have 18/40 hp.
A giant cockroach comes into view.
The giant cockroach moves out of view.
An orc comes into view. It is wielding a +0 falchion.
Your skin stops crawling.
You feel less resistant to hostile enchantments.
The orc shouts!
You hear a shout!
An orc priest comes into view. It is wielding a +0 mace.
A hobgoblin comes into view.
You hit the giant cockroach but do no damage.
The giant cockroach bites you but does no damage.
The giant cockroach barely misses you.
You barely miss the giant cockroach. The giant cockroach bites you.
The giant cockroach bites you but does no damage.
You hit the giant cockroach but do no damage.
The giant cockroach closely misses you.
You slash the giant cockroach!
You kill the giant cockroach!
Trog accepts your kill. The orc hits you with a +0 falchion.
You take 2 damage, and have 17/40 hp.
You hit the orc.
The orc is severely wounded.
The orc hits you but does no damage.
You hit the orc.
You kill the orc!
Trog accepts your kill.
The orc priest shouts!
The hobgoblin shouts!
An orc comes into view. It is wielding a +0 hand axe.
The orc priest mumbles some strange prayers to Beogh against you.
You struggle to resist.
The orc moves out of view.
Items here: ) [ ††.
An orc priest comes into view. It is wielding a +0 dagger.
The orc priest invokes the aid of Beogh against you.
Beogh smites you!
* * * LOW HITPOINT WARNING * * *
You take 9 damage, and have 8/40 hp.
MASSIVE DAMAGE!!
Okay, then.
Your skin crawls.
You feel resistant to hostile enchantments.
You regained 2 hp, and now have 10/40 hp.
You slash the orc!
You kill the orc!
Trog accepts your kill.
You feel yourself speed up.
The orc priest invokes the aid of Beogh against you.
You resist with almost no effort.
The orc priest hits you but does no damage.
You see here a +0 hand axe.
You hit the orc priest but do no damage.
The orc priest hits you with a +0 mace!
* * * LOW HITPOINT WARNING * * *
You take 4 damage, and have 8/40 hp.
You hit the orc priest.
The orc priest is moderately wounded.
The orc priest closely misses you.
The orc priest miscasts a cantrip.
You hit the orc priest.
The orc priest is heavily wounded.
The orc priest looks satisfied for a moment.
You completely miss the orc priest.
The orc priest is heavily wounded.
The orc priest hits you with a +0 mace.
You hit the orc priest.
The orc priest is severely wounded.
You closely miss the orc priest.
The orc priest is severely wounded.
The orc priest calls down the wrath of Beogh upon you.
You resist with almost no effort.
The orc priest calls down the wrath of Beogh upon you.
Beogh smites you!
* * * LOW HITPOINT WARNING * * *
You take 7 damage, and have 5/40 hp.
You barely miss the orc priest.
The orc priest is severely wounded.
You feel the effects of Trog's Hand fading.
The orc priest closely misses you.
You hit the orc priest.
You kill the orc priest!
Trog accepts your kill.
You have reached level 5!
You regained 2 hp, and now have 8/46 hp.
MP restored: 5 You hit the hobgoblin.
The hobgoblin is severely wounded.
The hobgoblin hits you but does no damage.
You barely miss the hobgoblin.
The hobgoblin is severely wounded.
The hobgoblin closely misses you.
The orc priest mumbles some strange prayers to Beogh against you.
Beogh smites you!
You die...

#.######.# #.#* #.#
#.##.###.###
#####†#........#
...........#.#.# **
###
.............#.#
....
######.....#.#.#
*,.....
##...##.#)###......
#.........@go.....,
*
*#.##.....###.$....
,,,, .....!...#
..... ###.....#
.... #.....# ** .##
###.###*** # ,, ,..
, ,, #.. , * ,


You could see an orc priest and a hobgoblin.

Vanquished Creatures
  An orc priest (D:3)
  Natasha (D:3)
  4 gnolls (D:3)
  An adder (D:3)
  4 dart slugs
  2 leopard geckos
  3 orcs (D:3)
  A giant cockroach (D:3)
  4 goblins
  7 hobgoblins
  3 jackals (D:1)
  6 kobolds
  A quokka (D:3)
  A ball python (D:1)
  7 bats
  2 frilled lizards (D:1)
  8 rats
56 creatures vanquished.

Notes
Turn   | Place    | Note
-------+----------+-------------------------------------------
     0 | D:1      | Irenicus the Deep Dwarf Berserker began the quest for the
                  | Orb.
     0 | D:1      | Reached XP level 1. HP: 20/20 MP: 1/1
    96 | D:1      | Reached skill level 4 in Axes
    96 | D:1      | Reached XP level 2. HP: 27/27 MP: 2/2
   323 | D:1      | Reached ** piety under Trog
   323 | D:1      | Reached XP level 3. HP: 30/33 MP: 3/3
   632 | D:2      | Found a shadowy altar of Dithmenos.
   653 | D:2      | Reached skill level 5 in Axes
   760 | D:3      | Reached XP level 4. HP: 40/40 MP: 4/4
   815 | D:3      | Noticed Natasha
   828 | D:3      | Killed Natasha
   828 | D:3      | Reached skill level 6 in Axes
   855 | D:3      | HP: 8/40 [orc priest/divine providence (9)]
   864 | D:3      | HP: 5/40 [orc priest/divine providence (8)]
   866 | D:3      | Reached XP level 5. HP: 7/46 MP: 5/5
   868 | D:3      | Killed from afar by an orc priest

Illustrated notes

Levels and vault maps discovered:
D:1:      matt_arrival_refuge, layout_rooms, minivault_4
D:2:      layout_basic, grunt_dithmenos_smoke_and_mirrors
D:3:      layout_loops_ring, kennysheep_generic_room_8, uniq_natasha

Skill      XL: |  1  2  3  4 |
---------------+-------------+-----
Axes           | 4 5 6 |  6.6
Fighting       | |  2.6
Armour         | |  2.1
Dodging        | |  2.1

Action                   |  1- 3 |  4- 6 || total
-------------------------+-------+-------++-------
Melee: Hand axe          |   113 |    33 ||   146
Invok: Berserk           |     1 |     1 ||     2
       Trog's Hand       |       |     2 ||     2
Armor: Scale mail        |    13 |       ||    13
       Ring mail         |    42 |     8 ||    50
Dodge: Dodged            |    88 |    16 ||   104

Table legend: (Time is in decaauts)
 A = Elapsed time spent in this place.
 B = Non-inter-level travel time spent in this place.
 C = Inter-level travel time spent in this place.
 D = Time resting spent in this place.
 E = Time spent auto-exploring this place.
 F = Levels seen in this place.
 G = Mean time per level.
                   A        B        C        D        E       F      G
               +--------+--------+--------+--------+--------+-----+--------+
         Total |    897 |    880 |     17 |      0 |      0 |   3 |  299.0 |
       Dungeon |    897 |    880 |     17 |      0 |      0 |   3 |  299.0 |
               +--------+--------+--------+--------+--------+-----+--------+

Top non-repeatable levels by time:
     D:1: 400 daAuts
     D:2: 310 daAuts
     D:3: 186 daAuts

Table legend:
 A = Kills in this place as a percentage of kills in entire the game.
 B = Kills by you in this place as a percentage of kills by you in the entire game.
 C = Kills by friends in this place as a percentage of kills by friends in the entire game.
 D = Other kills in this place as a percentage of other kills in the entire game.
 E = Experience gained in this place as a percentage of experience gained in the entire game.
 F = Experience gained in this place divided by the number of levels of this place that you have seen.
                   A       B       C       D       E      F
               +-------+-------+-------+-------+-------+----------------------
         Total | 100.0 | 100.0 |   N/A |   N/A | 100.0 |  78.7
       Dungeon | 100.0 | 100.0 |   N/A |   N/A | 100.0 |  78.7
               +-------+-------+-------+-------+-------+----------------------
